 Dungeon Crawl Stone Soup version 0.32-a0-18-g89e19f1974 (webtiles) character file.

Game seed: 9549094549587963147

29 Dirtsage the Changeling (level 3, 0/23 HPs)
             Began as an Octopode Shapeshifter on Jan 16, 2024.
             Killed from afar by a dart slug (4 damage)
             ... with a slug dart
             ... on level 2 of the Dungeon.
             The game lasted 00:00:56 (719 turns).

Dirtsage the Changeling (Octopode Shapeshifter)      Turns: 719, Time: 00:00:57

Health: 0/23       AC:  1    Str: 13    XL:     3   Next: 16%
Magic:  3/3        EV: 13    Int: 12    God:
Gold:   85         SH:  0    Dex: 13    Spells: 2/2 levels left

rFire   . .          .
                       - Unarmed
rCold   . . .        (no shield)
rNeg    . . .        (helmet currently unavailable)
rPois   .            (no amulet)
rElec   .            (no ring)
rCorr   .            (no ring)
SInv    .            (no ring)
Will    .....        (no ring)
Stlth   ++           (no ring)
HPRegen 0.23/turn    (no ring)
MPRegen 0.08/turn    (no ring)
                     (no ring)

%: no passive effects
@: beast-form
A: beast (slay +1), almost no armour, amphibious, 8 rings, camouflage 1,
gelatinous body 1, (nimble swimmer 1), tentacles
a: Begin Untransformation


You were on level 2 of the Dungeon.
You were a hulking beast.
You visited 1 branch of the dungeon, and saw 2 of its levels.

You collected 85 gold pieces.

Inventory:

Talismans
 b - a beast talisman
 c - a flux talisman
Scrolls
 d - a scroll of enchant armour {unknown}
 e - a scroll of noise {unknown}
 f - 2 scrolls of blinking {unknown}
 g - a scroll of summoning {unknown}
 h - a scroll of identify {unknown}
Potions
 a - a potion of lignification
 i - a potion of resistance {unknown}


   Skills:
 + Level 1.5 Fighting
 + Level 2.3 Dodging
 + Level 3.2 Unarmed Combat
 * Level 3.4 Shapeshifting


You had 2 spell levels left.
You didn't know any spells.
Your spell library was empty.

Dungeon Overview and Level Annotations

Branches:
Dungeon (2/15)

Altars:


Innate Abilities, Weirdness & Mutations

You are a hulking beast.
Your limbs bulge with bestial killing power. (Slay +1)
You cannot wear most types of armour.
You are amphibious.
You can wear up to eight rings at the same time.
Your skin changes colour to match your surroundings (Stealth+).
Your rubbery body absorbs attacks. (AC +1, EV +1)
((You are camouflaged when in or above water. (Stealth+)))
You have tentacles for arms and can constrict up to eight enemies at once.


Message History

You take 1 damage, and have 14/18 hp.
You swing at nothing.
The adder barely misses you.
You miss the adder. You grab the adder. You constrict the adder.
The adder bites you.
You are poisoned.
The adder poisons you!
You take 3 damage, and have 11/18 hp.
You barely miss the adder.
The adder is moderately wounded.
You constrict the adder, but do no damage.
You feel sick. The adder barely misses you.
You tentacle-slap the adder.
The adder is severely wounded.
You constrict the adder.
You kill the adder!
You feel sick. The bat barely misses you.
You have reached level 3!
Your experience leads to an increase in your attributes!
Increase (s)trength, (i)ntelligence, or (d)exterity?
You feel agile. x2
MP restored: 3 You feel sick.
The bat hits you but does no damage.
You take 1 damage, and have 10/23 hp.
You feel sick. The bat hits you but does no damage.
You closely miss the bat. Your grab misses the bat. The bat closely misses you.
The bat hits you. The dart slug launches a dart at you. The slug dart hits you.
* * * LOW HITPOINT WARNING * * *
You take 5 damage, and have 5/23 hp.
MASSIVE DAMAGE!!
You feel sick.
You are no longer poisoned.
You take 1 damage, and have 4/23 hp.
You tentacle-slap the dart slug. You grab the dart slug.
The dart slug is heavily wounded.
You constrict the dart slug, but do no damage.
The bat hits you but does no damage. The dart slug launches a dart at you.
The slug dart hits you.
You die...

#..........#
###.#..>.....#
...#........#
.###.#........#
..............#
######.#######
#.# ######.#####
#....wh..%.#
#..$.........#
......b..$....#
..............#
..............#
..............#
................
#............###


You could see a dart slug and a bat.

Vanquished Creatures
  An adder (D:2)
  A dart slug (D:1)
  2 endoplasms (D:1)
  2 hobgoblins (D:1)
  2 quokkas (D:1)
  4 ball pythons (D:1)
  A bat (D:1)
  A frilled lizard (D:1)
  A goblin (D:1)
  2 kobolds (D:1)
  2 rats
19 creatures vanquished.

Notes
Turn   | Place    | Note
-------+----------+-------------------------------------------
     0 | D:1      | Dirtsage the Octopode Shapeshifter began the quest for the
                  | Orb.
     0 | D:1      | Reached XP level 1. HP: 13/13 MP: 1/1
   238 | D:1      | Reached XP level 2. HP: 16/18 MP: 2/2
   715 | D:2      | Reached XP level 3. HP: 11/23 MP: 3/3
   719 | D:2      | Killed from afar by a dart slug

Illustrated notes

Levels and vault maps discovered:
D:1:      amcnicky_arrival_feature_with_door, layout_basic, serial_glass,
          glass_columns_c, glass_columns_a, st_stairs_11, minmay_heptomino_o4
D:2:      layout_rooms, serial_co_window_serial, co_window_paths_b,
          co_window_paths_b, co_window_paths_b, co_window_paths_a,
          co_window_corner_a, co_window_paths_b, co_window_broadway_c,
          co_window_unsneaky_path_e, co_window_broadway_c, co_window_4corner_a,
          glass_columns_b, patterned_corridor, uniq_jessica

Action                     || total
---------------------------++-------
  Melee: Unarmed           ||    38
         Constrict         ||    10
         Tentacles         ||     5
   Stab: Sleeping          ||     3
 Armour: Skin              ||    21
  Dodge: Dodged            ||    24

Table legend: (Time is in decaauts)
 A = Elapsed time spent in this place.
 B = Non-inter-level travel time spent in this place.
 C = Inter-level travel time spent in this place.
 D = Time resting spent in this place.
 E = Time spent auto-exploring this place.
 F = Levels seen in this place.
 G = Mean time per level.
                   A        B        C        D        E       F      G
               +--------+--------+--------+--------+--------+-----+--------+
         Total |    716 |    692 |     24 |    124 |    450 |   2 |  358.0 |
       Dungeon |    716 |    692 |     24 |    124 |    450 |   2 |  358.0 |
               +--------+--------+--------+--------+--------+-----+--------+

Top non-repeatable levels by time:
     D:1: 670 daAuts
     D:2: 46 daAuts
